 Dungeon Crawl Stone Soup version 0.28-a0-695-gff09746 (webtiles) character file.

Game seed: 5712960161568971814

177280 NeededCrab the Eclecticist (level 17, -4/150 HPs)
             Began as a Purple Draconian Fire Elementalist on Oct 20, 2021.
             Was an Initiate of Gozag.
             Succumbed to a ghost moth's poison
             ... on level 4 of the Spider Nest on Oct 22, 2021.
             The game lasted 03:11:45 (52483 turns).

NeededCrab the Eclecticist (DrFE)                  Turns: 52483, Time: 03:11:45

Health: -4/150     AC: 15    Str:  5 (10) XL:     17   Next: 53%
Magic:  1/36       EV: 15    Int: 25 (26) God:    Gozag
Gold:   2109       SH: 21    Dex:  8 (13) Spells: 9/46 levels left

rFire   + . .      SeeInvis .   R - +8 demon trident "Rift" {distort, reach+}
rCold   x . .      Faith    .   G - +4 kite shield "Gorus" {rN+ Int+4}
rNeg    + . .      Spirit   .   (armour unavailable)
rPois   +          Reflect  +   (helmet restricted)
rElec   .          Harm     .   H - +1 cloak
rCorr   .          Rampage  .   d - +0 pair of gloves
Will    ++...                   S - +2 pair of boots {Stlth+}
Stlth   +.........              A - amulet of reflection
HPRegen 0.35/turn               P - ring of poison resistance
MPRegen 0.25/turn               s - ring of fire

@: lethally poisoned (-4 -> -137), studying Necromancy, very slow
A: breathe power, AC +9, unfitting armour, cold-blooded
a: Breathe Dispelling Energy, Renounce Religion, Potion Petition, Call Merchant,
Bribe Branch


You were on level 4 of the Spider Nest.
You worshipped Gozag.
Gozag was most pleased with you.
You visited 6 branches of the dungeon, and saw 32 of its levels.
You also visited: Gauntlet, Ice Cave and Volcano.

You collected 10040 gold pieces.
You spent 2623 gold pieces at shops.
You paid 5308 gold pieces to Gozag.

Inventory:

Hand Weapons
 R - the +8 demon trident "Rift" (weapon) {distort, reach+}
   (You bought it in a shop on level 11 of the Dungeon)

   It warps and distorts space around it, and may blink, banish, or inflict
   extra damage upon those it strikes.
   Unwielding it can cause banishment or high damage.
   It can reach especially far, and its reaching attacks ignore other creatures
   in the way.
Armour
 d - a +0 pair of gloves (worn)
 k - a scarf of invisibility
 G - the +4 kite shield "Gorus" (worn) {rN+ Int+4}
   (You took it off Donald on level 1 of the Shoals)

   Int:       It affects your intelligence (+4).
   rN:        It protects you from negative energy.
 H - a +1 cloak (worn)
 S - a +2 pair of boots of stealth (worn)
Jewellery
 a - a ring of flight
 f - an amulet of magic regeneration
 i - a ring of magical power
 o - a ring of positive energy
 q - a +4 ring of evasion
 s - a ring of fire (right hand)
 v - a +6 ring of intelligence
 A - an amulet of reflection (around neck)
 L - a ring of protection from cold
 M - a +6 ring of intelligence
 N - a ring of see invisible
 P - a ring of poison resistance (left hand)
 T - a ring of willpower
 V - a ring of protection from fire
 W - a ring of fire
 Y - a ring of wizardry
Wands
 p - a wand of digging (1)
 x - a wand of mindburst (31)
 y - a wand of iceblast (50)
 E - a wand of polymorph (1)
 F - a wand of charming (29)
 J - a wand of acid (23)
 U - a wand of paralysis (58)
Scrolls
 b - 4 scrolls of amnesia
 c - a scroll of silence
 h - 12 scrolls of teleportation
 j - a scroll of fear
 m - 2 scrolls of magic mapping
 t - 7 scrolls of enchant weapon
 u - 8 scrolls of enchant armour
 w - 3 scrolls of summoning
 C - 3 scrolls of blinking
 I - 4 scrolls of fog
Potions
 e - 5 potions of magic
 g - 3 potions of haste
 l - a potion of invisibility
 n - 4 potions of lignification
 r - 5 potions of mutation
 z - 2 potions of might
 B - 4 potions of resistance
 D - 5 potions of brilliance
 K - 5 potions of curing
 Q - 5 potions of heal wounds
Miscellaneous
 X - a piece from Xom's chessboard (15/15)
 Z - a lightning rod (4/4)


   Skills:
 - Level 13.6 Fighting
 + Level 6.8 Polearms
 - Level 11.8 Dodging
 - Level 1.7 Stealth
 - Level 15.0 Shields
 - Level 15.3 Spellcasting
 - Level 14.0 Conjurations
 - Level 6.8 Hexes
 - Level 9.0 Fire Magic
 - Level 4.2 Evocations


You had 9 spell levels left.
You knew the following spells:

 Your Spells              Type           Power      Damage    Failure   Level
a - Foxfire               Conj/Fire      100%       2x1d9     1%          1
b - Scorch                Fire           100%       2d10      1%          2
c - Conjure Flame         Conj/Fire      86%        6-21      1%          3
d - Inner Flame           Hex/Fire       73%        N/A       1%          3
e - Flame Wave            Conj/Fire      86%        3d14      1%          4
f - Fireball              Conj/Fire      43%        3d17      1%          5
g - Orb of Destruction    Conj           36%        9d13      8%          7
h - Lightning Bolt        Conj/Air       26%        1d42      4%          5
z - Iskenderun's Battles  Conj           73%        2d12      1%          5
B - Blink                 Tloc           N/A        N/A       4%          2

Your spell library contained the following spells:

 Spells                   Type           Power      Damage    Failure   Level
 Static Discharge         Conj/Air       52%        N/A       1%          2
 Tukima's Dance           Hex            52%        N/A       1%          3
 Cause Fear               Hex            26%        N/A       1%          4
 Animate Skeleton         Necr           38%        N/A       2%          1
 Pain                     Necr           76%        1d7       2%          1
 Leda's Liquefaction      Hex/Erth       18%        N/A       7%          4
 Frozen Ramparts          Ice            38%        1d5       9%          3
 Vampiric Draining        Necr           9%         2d7       9%          3
 Yara's Violent Unravell  Hex/Tmut       18%        3d9       19%         5
 Conjure Ball Lightning   Conj/Air       26%        3x3d7     24%         6
 Iron Shot                Conj/Erth      26%        9d6       24%         6
 Airstrike                Air            9%         N/A       28%         4
 Animate Dead             Necr           9%         N/A       28%         4
 Ice Form                 Ice/Tmut       19%        N/A       28%         4
 Passage of Golubria      Tloc           19%        N/A       28%         4
 Summon Ice Beast         Ice/Summ       19%        N/A       28%         4
 Summon Lightning Spire   Summ/Air       19%        N/A       28%         4
 Blade Hands              Tmut           9%         N/A       61%         5
 Lee's Rapid Deconstruct  Erth           9%         3d8*      61%         5
 Manifold Assault         Tloc           19%        N/A       61%         5
 Statue Form              Tmut/Erth      12%        N/A       99%         6
 Dragon Form              Tmut           9%         N/A       100%        7
 Haunt                    Necr/Summ      9%         N/A       100%        7
 Storm Form               Tmut/Air       9%         N/A       100%        7
 Infestation              Necr           9%         N/A       100%        8
 Maxwell's Capacitive Co  Air            9%         ∞         100%        8
 Dragon's Call            Summ           9%         N/A       100%        9
 Animate Armour           Summ/Erth      Unusable   N/A       N/A         4

Dungeon Overview and Level Annotations

Branches:
Dungeon (15/15)            Temple (1/1) D:4            Lair (6/6) D:10
 Shoals (4/4) Lair:3       Spider (4/4) Lair:4        Slime (0/5) Lair:6
    Orc (2/2) D:11            Elf (0/3) Orc:2        Vaults (0/5) D:13
 Depths (0/4) D:15          IceCv (visited)         Volcano (visited)
Gauntlet (visited)

Altars:
Ashenzari
Cheibriados
Dithmenos
Elyvilon
Fedhas
Gozag
Hepliaklqana
Kikubaaqudgha
Makhleb
Nemelex Xobeh
Okawaru
Qazlal
Ru
Sif Muna
Trog
Uskayaw
Vehumet
Wu Jian
Xom
Yredelemnul
Zin
The Shining One
Beogh

Shops:
D:4 (:=[   D:11 :**=(   Orc:1 =[([   Orc:2 [*(:   Shoals:1 *

Annotations:
Spider:3 1 runed translucent door, Kave's ghost, adept TrTm


Innate Abilities, Weirdness & Mutations

You can breathe bolts of dispelling energy.
Your rich purple scales are hard. (AC +9)
You cannot fit into any form of body armour.
You are cold-blooded and may be slowed by cold attacks.


Message History

Something hits you. Something hits you but does no damage.
Something stings you but does no damage.
Your unstable footing causes you to fumble your attack.
Something hits you. Something hits you! You block something's attack.
You hit something.
Space warps around something.
You feel you are being watched by something.
Something hits you.
You feel dopey. Something hits you.
Something stings you but does no damage.
You feel you are being watched by something.
Something hits you. Something hits you but does no damage.
Something completely misses you.
Your unstable footing causes you to fumble your attack.
Something barely misses you. x2
Something stings you but does no damage.
You closely miss something.
You feel you are being watched by something.
You feel your power leaking away. Something hits you! Something hits you.
You feel weakened. Something barely misses you.
You miss something.
You feel you are being watched by something.
Something hits you. Something hits you but does no damage.
Something stings you!
You are lethally poisoned!
Something poisons you!
You hit something but do no damage.
Space warps around something.
* * * LOW HITPOINT WARNING * * *
You feel extremely sick.
You feel you are being watched by something.
You block something's attack. Something hits you.
* * * LOW HITPOINT WARNING * * *
Something stings you.
* * * LOW HITPOINT WARNING * * *
You are more poisoned.
Something poisons you!
You die...
Your body crumbles into a pile of gold.

...<.............................
......^.#....................^...
.................................
#######...........(..^######.....
####..^^.....#### #..... #####
####'''#### ### ##^... ##≈≈≈##
#...# ###≈### ###.. .^...≈##
##...####.....### ### ...≈..≈#
##^...@##≈..≈..≈≈###
.^#≈...####≈..≈##≈{.≈##≈^.≈..##
≈###≈..s##≈....##≈.≈#####sy...##
≈# ###..≈#≈.....≈..≈## ###≈..≈#
≈#####.......≈...≈.##^# ##≈...#
≈##.^###.≈≈≈##≈^≈###^.^###≈.≈≈##
.≈≈≈≈.############ #..≈≈≈y.≈###
.≈≈≈≈.##### ### ####≈≈s.≈#
..≈#..# ... ..y+ #.....##


There were no monsters in sight!

Vanquished Creatures
  Nikola (Shoals:1)
  Rupert (D:12)
  Jorgrun (D:14)
  Polyphemus (Shoals:3)
  Donald (Shoals:1)
  3 krakens
  Roxanne (D:15)
  A fenstrider witch (Shoals:2)
  An orc warlord (Orc:1)
  3 emperor scorpions
  3 ghost moths
  A stone giant (D:15)
  Nessos (Orc:2)
  2 entropy weavers
  2 merfolk javelineers (Shoals:3)
  4 merfolk impalers
  4 vault guards
  The ghost of Pymoul the Unseen, a journeyman MfIE of Dithmenos (Lair:5)
  3 boulder beetles
  An ogre mage (Volcano)
  A rakshasa (D:15)
  3 catoblepae
  11 hydras
  2 merfolk avatars
  A satyr (shapeshifter) (D:15)
  4 centaur warriors
  A death knight (D:14)
  3 alligators
  2 satyrs (Shoals:3)
  11 two-headed ogres
  2 death yaks
  3 tengu warriors
  Urug (D:10)
  4 orc high priests (Orc:2)
  Sonja (Orc:2)
  Nergalle (Lair:3)
  5 skeletal warriors (D:12)
  8 sea snakes
  10 harpies
  4 orc knights
  2 deep elf pyromancers
  27 orb spiders
  A necromancer (IceCv)
  22 wolf spiders
  3 orc sorcerers (Orc:2)
  4 oklob plants (Lair:2)
  A faun (shapeshifter) (D:15)
  2 ugly things
  10 fauns
  A moth of wrath (Spider:1)
  10 manticores
  5 cyclopes
  An ice statue (IceCv)
  Maurice (D:8)
  13 elephants
  9 black mambas
  A water nymph (Shoals:1)
  3 merfolk sirens
  A torpor snail (Lair:6)
  A gargoyle (D:9)
  2 unseen horrors
  Psyche (D:8)
  12 cane toads
  3 kobold demonologists
  3 rime drakes
  A tengu conjurer (D:14)
  4 komodo dragons
  16 ice devils
  9 demonic crawlers
  2 entropy weaver simulacra (IceCv)
  A queen bee (shapeshifter) (D:12)
  4 freezing wraiths
  23 jumping spiders
  7 trolls
  A wolf spider simulacrum (D:14)
  11 hornets
  16 merfolk
  6 wind drakes
  8 blink frogs
  Grinder (D:4)
  4 snapping turtles
  8 slime creatures (D:15)
  A centaur simulacrum (D:14)
  2 shadows
  31 redbacks
  22 tarantellas
  27 yaks
  4 water elementals
  2 wraiths
  3 wyverns
  A yak (shapeshifter) (D:12)
  2 steam dragons
  2 dire elephant simulacra (IceCv)
  4 basilisks
  3 vampire mosquitoes
  4 death yak simulacra (IceCv)
  3 wargs
  A harpy simulacrum (IceCv)
  2 acid dragons (D:12)
  13 water moccasins
  Purgy (D:3)
  An ice beast (D:6)
  24 orc warriors
  3 black bears
  A necrophage (D:3)
  3 ogres
  22 wolves
  8 centaurs
  2 kobold brigands
  Blork the orc (D:4)
  8 bullfrogs
  2 two-headed ogre simulacra (IceCv)
  4 cane toad simulacra (IceCv)
  4 scorpions
  2 elephant simulacra (IceCv)
  16 killer bees
  5 wights
  4 howler monkeys
  6 electric eels
  A bullfrog zombie (D:7)
  7 centaur zombies
  A jelly (shapeshifter) (D:13)
  3 hounds
  A gnoll shaman (D:4)
  19 orc priests
  Crazy Yiuf (D:7)
  8 jellies
  7 iguanas
  2 bullfrog skeletons
  25 orc wizards
  9 hell rats
  6 polar bear simulacra (IceCv)
  A spriggan simulacrum (IceCv)
  A troll simulacrum (IceCv)
  A killer bee zombie (D:8)
  4 wolf simulacra (IceCv)
  A hound zombie (D:5)
  A howler monkey zombie (D:8)
  4 gnolls (D:6)
  2 howler monkey skeletons (D:7)
  8 adders
  A naga simulacrum (IceCv)
  4 river rats (D:15)
  A white imp (D:6)
  An ufetubus (IceCv)
  4 worms
  8 dart slugs
  89 orcs
  5 bats
  13 endoplasms
  2 giant cockroaches
  9 hobgoblins
  7 jackals
  A quokka (D:3)
  13 ball pythons
  10 frilled lizards
  4 goblins
  A jackal skeleton (D:4)
  15 kobolds
  13 rats
  8 tentacles
941 creatures vanquished.

Vanquished Creatures (collateral kills)
  16 foxfires
16 creatures vanquished.

Vanquished Creatures (others)
  A yak (Lair:6)
  3 wolves (Lair:6)
  An orc wizard (Orc:2)
  2152 foxfires
  34 fungi
  124 plants
  24 tentacles
  3 withered plants (Gauntlet)
2342 creatures vanquished.

Grand Total: 3299 creatures vanquished

Notes
Turn   | Place    | Note
-------+----------+-------------------------------------------
     0 | D:1      | NeededCrab the Draconian Fire Elementalist began the quest
                  | for the Orb.
     0 | D:1      | Reached XP level 1. HP: 14/14 MP: 3/3
    56 | D:1      | Reached XP level 2. HP: 22/22 MP: 0/5
   111 | D:1      | Learned a level 2 spell: Scorch
   367 | D:1      | Reached skill level 1 in Fighting
   492 | D:1      | Reached XP level 3. HP: 27/28 MP: 0/6
   824 | D:1      | Learned a level 3 spell: Conjure Flame
  1962 | D:2      | Reached XP level 4. HP: 35/35 MP: 4/7
  2534 | D:3      | Found a stormy altar of Qazlal.
  2543 | D:3      | Found a blossoming altar of Fedhas.
  2859 | D:3      | Found a faded altar of an unknown god.
  2885 | D:3      | Prayed at the altar of an unknown god.
  2885 | D:3      | Became a worshipper of Uskayaw the Reveller
  2885 | D:3      | Reached * piety under Uskayaw
  2979 | D:3      | Fell from the grace of Uskayaw
  3147 | D:3      | Reached XP level 5. HP: 41/41 MP: 5/9
  3497 | D:4      | Found Vunieram's Book Shop.
  3499 | D:4      | Found Dot Nudgh's Armour Shop.
  3499 | D:4      | Found Vubunes's Weapon Shop.
  3509 | D:4      | Noticed a necrophage
  3511 | D:4      | Noticed a black bear
  3620 | D:3      | Killed a necrophage
  3621 | D:3      | Reached XP level 6. HP: 40/50 MP: 1/10
  3914 | D:4      | Noticed Purgy
  3926 | D:3      | Killed Purgy
  3986 | D:4      | Reached skill level 5 in Fire Magic
  4171 | D:4      | Noticed Grinder
  4179 | D:4      | Paralysed by Grinder for 2 turns
  4205 | D:4      | Killed Grinder
  4206 | D:4      | Your scales start taking on a rich purple colour.
  4206 | D:4      | Reached XP level 7. HP: 43/57 MP: 2/13
  4284 | D:4      | Found a staircase to the Ecumenical Temple.
  4306 | Temple   | Entered the Ecumenical Temple
  4469 | Temple   | Became a worshipper of Gozag Ym Sagoz the Greedy
  4511 | D:4      | Noticed Blork the orc
  4518 | D:4      | Killed Blork the orc
  4604 | D:4      | Found Ivofang's Jewellery Shop.
  4790 | D:4      | Learned a level 3 spell: Inner Flame
  4795 | D:4      | Learned a level 4 spell: Flame Wave
  5174 | D:5      | Entered Level 5 of the Dungeon
  5269 | D:5      | Reached skill level 1 in Shields
  5269 | D:5      | Reached skill level 5 in Conjurations
  5320 | D:5      | Reached XP level 8. HP: 56/66 MP: 8/15
  5404 | D:5      | Reached skill level 1 in Hexes
  5611 | D:5      | Reached skill level 5 in Spellcasting
  6836 | D:6      | Reached XP level 9. HP: 71/71 MP: 13/17
  6836 | D:6      | Upgraded the game from 0.28-a0-691-gad6df49 to
                  | 0.28-a0-695-gff09746
  6851 | D:6      | Found a burning altar of Makhleb.
  7440 | D:7      | Reached skill level 1 in Evocations
  7714 | D:7      | Found an ancient bone altar of Kikubaaqudgha.
  7788 | D:7      | Identified the +4 quarterstaff "Bingo" {vorpal, Dex+3 SInv}
  8122 | D:7      | Found a runed translucent door.
  8123 | D:7      | Noticed Crazy Yiuf
  8244 | D:7      | Killed Crazy Yiuf
  8384 | D:8      | Found a radiant altar of Vehumet.
  8388 | D:8      | Noticed Maurice
  8542 | D:8      | Noticed Psyche
  8556 | D:8      | Killed Psyche
  8672 | D:8      | Killed Maurice
  8969 | D:8      | Found a white marble altar of Elyvilon.
  9061 | D:8      | Reached skill level 5 in Hexes
  9300 | D:9      | Noticed a troll
  9309 | D:9      | Killed a troll
  9310 | D:9      | Reached XP level 10. HP: 78/78 MP: 11/20
 10396 | D:10     | Entered Level 10 of the Dungeon
 10530 | D:10     | Noticed a gargoyle
 10552 | D:9      | HP: 2/78 [gargoyle/stone arrow (20)]
 10891 | D:9      | Killed a gargoyle
 11116 | D:10     | Identified the +9 hunting sling of Integrity {flame, Str+3
                  | Dex+5}
 11703 | D:10     | Noticed Urug
 11705 | D:10     | Found a staircase to the Lair.
 11716 | D:10     | HP: 2/78 [Urug (2)]
 12364 | D:10     | Killed Urug
 12888 | D:10     | Reached XP level 11. HP: 83/83 MP: 18/23
 13052 | D:11     | Found a gate leading to a gauntlet.
 13053 | D:11     | Noticed a two-headed ogre
 13074 | D:11     | Killed a two-headed ogre
 13125 | Gauntlet | Entered a Gauntlet
 13125 | Gauntlet | Found a transporter.
 13125 | Gauntlet | Found a transporter.
 13129 | Gauntlet | Found a transporter.
 13131 | Gauntlet | Found a transporter.
 13136 | Gauntlet | Found a transporter.
 13137 | Gauntlet | Noticed a wizard
 13137 | Gauntlet | Found the ring of the Tortoise {AC+8}
 13155 | Gauntlet | Found a transporter.
 13162 | Gauntlet | Noticed a reaper
 13165 | Gauntlet | Found a transporter.
 13165 | Gauntlet | Found a transporter.
 13166 | Gauntlet | Was forgiven by Uskayaw
 13189 | Gauntlet | Found a transporter.
 13196 | Gauntlet | Found a transporter.
 13210 | Gauntlet | Found a transporter.
 13227 | Gauntlet | Noticed a fire crab
 13230 | Gauntlet | Found a transporter.
 13276 | Gauntlet | Found a transporter.
 13284 | Gauntlet | Noticed a soul eater
 13292 | Gauntlet | Found a transporter.
 13393 | Gauntlet | Found a transporter.
 13408 | Gauntlet | Found a transporter.
 13578 | D:11     | Noticed a two-headed ogre
 13592 | D:11     | Killed a two-headed ogre
 13597 | D:11     | Noticed a two-headed ogre
 13956 | D:11     | Found Icuatucu's Antique Weapon Boutique.
 14206 | D:11     | Reached skill level 5 in Fighting
 14330 | D:11     | Killed a two-headed ogre
 14331 | D:11     | Reached skill level 5 in Dodging
 14654 | D:11     | Found a staircase to the Orcish Mines.
 14949 | D:11     | Bought a book of the Spheres for 540 gold pieces
 14955 | D:11     | Learned a level 5 spell: Fireball
 14961 | D:11     | Learned a level 5 spell: Iskenderun's Battlesphere
 15013 | Lair:1   | Entered Level 1 of the Lair of Beasts
 15535 | Lair:1   | Reached skill level 10 in Spellcasting
 15713 | Lair:1   | Noticed a six-headed hydra
 15718 | Lair:1   | Killed a six-headed hydra
 15777 | Lair:1   | Noticed a six-headed hydra
 15839 | Lair:1   | Killed a six-headed hydra
 15991 | Lair:1   | Reached XP level 12. HP: 94/100 MP: 13/26
 16544 | Lair:2   | Noticed a catoblepas
 16561 | Lair:2   | Killed a catoblepas
 17516 | Lair:3   | Found a shimmering altar of Xom.
 17824 | Lair:3   | Found a staircase to the Shoals.
 17837 | Lair:3   | Noticed Nergalle
 17867 | Lair:3   | Killed Nergalle
 18004 | Lair:3   | Found a frozen archway.
 18034 | IceCv    | Entered an ice cave
 18406 | IceCv    | Reached skill level 10 in Conjurations
 18618 | IceCv    | Found an ancient bone altar of Kikubaaqudgha.
 18999 | IceCv    | HP: 5/104 [entropy weaver simulacrum (18)]
 19442 | IceCv    | Reached XP level 13. HP: 86/111 MP: 3/28
 19728 | IceCv    | Found the +8 frozen axe "Frostbite" {freezing cloud, *Noise
                  | Fly rC+}
 20390 | D:11     | Bought a wand of paralysis (8) for 150 gold pieces
 21290 | Lair:4   | Found a hole to the Spider Nest.
 22179 | Lair:5   | Reached skill level 10 in Fighting
 22577 | Lair:5   | Found a dark tunnel.
 22590 | Volcano  | Entered a volcano
 23026 | Lair:5   | Identified the +3 morningstar "Ecobb" {flame, rElec rCorr
                  | Dex+7}
 23256 | Lair:5   | Found a runed translucent gate.
 23256 | Lair:5   | Found a runed translucent gate.
 23256 | Lair:5   | Found a runed translucent gate.
 23256 | Lair:5   | Noticed Pymoul's ghost (journeyman MfIE)
 24232 | Lair:6   | Entered Level 6 of the Lair of Beasts
 24367 | Lair:6   | Found a staircase to the Slime Pits.
 24815 | Lair:6   | Reached skill level 10 in Dodging
 25129 | Lair:6   | Reached XP level 14. HP: 101/124 MP: 12/31
 26312 | Orc:1    | Entered Level 1 of the Orcish Mines
 26312 | Orc:1    | Found Qoxuurua's Jewellery Boutique.
 26317 | D:11     | Bought a ring of fire for 425 gold pieces
 26768 | Lair:6   | Identified the +4 rapier of Success {vorpal, rPois}
 27170 | D:12     | Learned a level 7 spell: Orb of Destruction
 27176 | D:12     | Learned a level 5 spell: Lightning Bolt
 27675 | D:12     | Noticed Rupert
 27688 | D:12     | Killed Rupert
 28033 | D:12     | You fall into a shaft and drop 2 floors!
 28729 | D:12     | Learned a level 2 spell: Blink
 30282 | D:13     | Found a gate to the Vaults.
 30332 | D:13     | Identified the +3 falchion of Vaofusei {venom, Contam rElec
                  | Int+4}
 30614 | D:14     | Reached skill level 15 in Spellcasting
 30814 | D:14     | Noticed Jorgrun
 30831 | D:14     | Killed Jorgrun
 30858 | D:14     | Reached XP level 15. HP: 67/136 MP: 25/34
 32139 | D:15     | Entered Level 15 of the Dungeon
 33128 | Orc:1    | Found Yxaipt's Armour Boutique.
 33468 | Orc:1    | Found Pebaunob's Armour Emporium.
 33472 | Orc:1    | Found Togori's Weapon Emporium.
 33568 | Orc:1    | Bought a +0 kite shield for 81 gold pieces
 33713 | Orc:2    | Entered Level 2 of the Orcish Mines
 33714 | Orc:2    | Noticed Nessos
 33864 | Orc:2    | Killed Nessos
 34213 | Orc:2    | Noticed Sonja
 34225 | Orc:2    | Killed Sonja
 34447 | Orc:2    | Found a staircase to the Elven Halls.
 34789 | Orc:2    | Reached skill level 5 in Shields
 34896 | Orc:2    | Noticed an orc warlord
 34935 | Orc:1    | Killed an orc warlord
 36263 | D:11     | Bought the +8 demon trident "Rift" {distort, reach+} for
                  | 1267 gold pieces
 36263 | D:11     | Found the +8 demon trident "Rift" {distort, reach+}
 36687 | Orc:2    | Found Fuzof's Antique Armour Boutique.
 36688 | Orc:2    | Found Iwopt's Antique Weapon Boutique.
 36690 | Orc:2    | Found Binoih Ugg's General Store.
 36690 | Orc:2    | Found Xoaxtela's Book Shop.
 36931 | D:15     | Found a staircase to the Depths.
 37341 | D:15     | Noticed Roxanne
 37507 | D:15     | Killed Roxanne
 38625 | Shoals:1 | Entered Level 1 of the Shoals
 38626 | Shoals:1 | Found Jilyh's Overcharged Wands.
 38642 | Shoals:1 | Noticed Nikola
 38655 | Shoals:1 | Killed Nikola
 39503 | Shoals:1 | Identified the +4 kite shield "Gorus" {rN+ Int+4}
 39503 | Shoals:1 | Noticed Donald
 39517 | Shoals:1 | Killed Donald
 39777 | Shoals:1 | Reached XP level 16. HP: 62/144 MP: 28/35
 40380 | Shoals:1 | Identified the +4 rapier of Beyond {freeze, *Rage rN+++
                  | Int+3 Stlth-}
 40744 | Shoals:2 | Reached skill level 10 in Shields
 41016 | Shoals:2 | Noticed a kraken
 41025 | Shoals:2 | Noticed a kraken
 41027 | Shoals:2 | Killed a kraken
 41369 | Shoals:2 | Killed a kraken
 41780 | Shoals:2 | Paralysed by a fenstrider witch for 4 turns
 42117 | Shoals:3 | Noticed a kraken
 42150 | Shoals:3 | Killed a kraken
 43149 | Shoals:3 | Noticed Polyphemus
 43180 | Shoals:3 | Killed Polyphemus
 43935 | Shoals:3 | Identified a scroll of acquirement
 43935 | Shoals:3 | Acquired 528 gold pieces
 44010 | Shoals:4 | Entered Level 4 of the Shoals
 44416 | Spider:1 | Entered Level 1 of the Spider Nest
 45232 | D:11     | Bought 2 potions of heal wounds for 160 gold pieces
 45902 | Spider:2 | Reached skill level 1 in Polearms
 47785 | Spider:3 | Reached XP level 17. HP: 141/150 MP: 20/36
 48281 | Spider:3 | Found a runed translucent door.
 48281 | Spider:3 | Noticed Kave's ghost (adept TrTm)
 48696 | Lair:5   | Killed Pymoul's ghost
 49493 | Spider:4 | Entered Level 4 of the Spider Nest
 50123 | Spider:4 | Reached skill level 5 in Polearms
 51643 | Spider:4 | Reached skill level 15 in Shields
 52483 | Spider:4 | Succumbed to a ghost moth's poison

Illustrated notes

Levels and vault maps discovered:
D:1:      lightli_arrival_boilingwater, layout_rooms
D:2:      layout_basic
D:3:      layout_basic, grunt_temple_overflow_forces_of_nature,
          hellmonk_ecumenical_altar_leap_of_faith, grunt_ministairs_5
D:4:      layout_loops_cross, minmay_temple_entry_large_hall,
          minmay_shop_grid_forest, kennysheep_small_spiral, minmay_starry_boxes,
          uniq_purgy, uniq_grinder, uniq_blork_the_orc
D:5:      layout_basic
D:6:      layout_rooms, makhleb_heckhound_becter
D:7:      layout_basic, mainiacjoe_overflow_boulevard, lightli_orcish_oven,
          uniq_crazy_yiuf_cottage
D:8:      layout_rooms, grunt_temple_overflow_open, uniq_maurice, uniq_psyche
D:9:      layout_long_grid
D:10:     layout_irregular_city, erik_lair_orcish_takeover,
          hangedman_abyss_or_decor_clamps, uniq_urug
D:11:     layout_cave_pools, hiddenorc2_lemuel, gauntlet_entry_generic,
          serial_shops, nicolae_stop_n_shop_1
D:12:     layout_roguey, minmay_holes, library_closet, st_stairs_1, uniq_rupert
D:13:     layout_cave_pools, lightli_vaults_fourway_checkpoint
D:14:     layout_loops_ring, infiniplex_staircase_pillars_3a,
          kennysheep_generic_room_6, uniq_jorgrun
D:15:     grunt_enter_depths_snipers, layout_basic,
          chequers_serial_rivers_micro_c, hangedman_parallel_progression,
          uniq_roxanne
Temple:   eino_temple_rhombus
Lair:1:   layout_misc_corridors, infiniplex_staircase_pool,
          serial_bayou_shore_b, grunt_megastairs_3
Lair:2:   minmay_lair_oklob_chamber, layout_layer_cave
Lair:3:   layout_roguey, minmay_shoals_entry_centaurs,
          portal_ice_cave_demonic_guard, basic_altar, minivault_11,
          uniq_nergalle
Lair:4:   layout_roguey, spider_nest_entry_webs, serial_bayou_shore_b
Lair:5:   layout_small_grid, nicolae_volcano_entry_vermiform,
          ebering_ghost_rock_garden
Lair:6:   gammafunk_lair_ancient_temple, layout_misc_corridors,
          nicolae_slime_entry_slimehenge, guppyfry_lair_drakes
Shoals:1: layout_shoals, nicolae_shop_overcharged_wands, uniq_nikola,
          uniq_donald
Shoals:2: layout_shoals, nicolae_shoals_beach_house_on_fowls_legs
Shoals:3: layout_shoals, uniq_polyphemus
Shoals:4: shoals_end_grunt_ice, layout_shoals, serial_shops, shop,
          nicolae_shoals_drake_roost
Spider:1: layout_spider_delve
Spider:2: layout_spider_delve
Spider:3: layout_spider_delve, hellmonk_ghost_happy_afterlife,
          nicolae_orb_island
Spider:4: spider_rune_water
Orc:1:    layout_caves, basic_altar, serial_shops, nicolae_shop_trees, shop,
          shop, nicolae_shop_waterfront
Orc:2:    st_orc_congregation, layout_caves, uniq_sonja, uniq_nessos

Skill      XL: |  1  2  3  4  5  6  7  8  9 10 11 12 13 14 15 16 17 |
---------------+----------------------------------------------------+-----
Fighting       | 1 2 3 7 9 11 13 | 13.6
Conjurations   | 2 3 4 5 7 8 10 11 12 14 | 14.0
Fire Magic     | 4 5 6 7 8 9 |  9.0
Spellcasting   | 3 4 5 7 8 10 11 13 15 | 15.3
Shields        | 1 4 9 13 15 | 15.0
Hexes          | 3 5 6 |  6.8
Evocations     | 3 4 |  4.2
Dodging        | 3 6 8 10 11 | 11.8
Polearms       | 3 6 |  6.8
Stealth        | |  1.7

Action                   |  1- 3 |  4- 6 |  7- 9 | 10-12 | 13-15 | 16-18 || total
-------------------------+-------+-------+-------+-------+-------+-------++-------
Melee: Unarmed           |    32 |       |       |       |       |       ||    32
       Tailslap          |     3 |       |     1 |     3 |     2 |     8 ||    17
       Dagger            |     6 |    10 |     4 |    17 |       |       ||    37
       Staff             |       |       |       |     2 |    11 |       ||    13
       Demon trident     |       |       |       |       |       |   166 ||   166
 Cast: Foxfire           |    60 |    41 |    41 |   263 |   574 |   267 ||  1246
       Scorch            |    15 |    52 |   134 |   272 |   464 |    39 ||   976
       Conjure Flame     |       |     2 |    17 |    21 |    21 |       ||    61
       Flame Wave        |       |       |     7 |    25 |    91 |   114 ||   237
       Inner Flame       |       |       |     5 |     1 |    18 |       ||    24
       Iskenderun's Batt |       |       |       |    26 |    63 |    44 ||   133
       Fireball          |       |       |       |     5 |    13 |     4 ||    22
       Orb of Destructio |       |       |       |       |     8 |     9 ||    17
       Lightning Bolt    |       |       |       |       |     4 |     3 ||     7
       Blink             |       |       |       |       |       |     1 ||     1
Invok: Renounce Religion |       |     1 |       |       |       |       ||     1
       Potion Petition   |       |       |       |     1 |     2 |       ||     3
       Call Merchant     |       |       |       |     1 |     3 |     1 ||     5
 Abil: Breathe Dispellin |       |       |     7 |     3 |     6 |       ||    16
Evoke: Wand              |       |       |       |     3 |       |       ||     3
  Use: Scroll            |       |       |     6 |     4 |    13 |     3 ||    26
       Potion            |       |       |       |     3 |     4 |     3 ||    10
 Stab: Sleeping          |       |     1 |       |       |       |     1 ||     2
       Distracted        |       |       |       |       |       |     3 ||     3
Armor: Skin              |    20 |    18 |     9 |    68 |   143 |   178 ||   436
Dodge: Dodged            |    31 |    40 |    32 |   104 |   323 |   260 ||   790
Block: Buckler           |       |       |     6 |    51 |   115 |     3 ||   175
       Kite shield       |       |       |       |       |       |   535 ||   535
       Reflection        |       |       |       |       |       |    13 ||    13

Table legend: (Time is in decaauts)
 A = Elapsed time spent in this place.
 B = Non-inter-level travel time spent in this place.
 C = Inter-level travel time spent in this place.
 D = Time resting spent in this place.
 E = Time spent auto-exploring this place.
 F = Levels seen in this place.
 G = Mean time per level.
                   A        B        C        D        E       F      G
               +--------+--------+--------+--------+--------+-----+--------+
         Total |  52785 |  49576 |   3209 |  13500 |  26944 |  35 | 1508.1 |
       Dungeon |  22875 |  21567 |   1308 |   6946 |  10753 |  15 | 1525.0 |
        Temple |    179 |    135 |     44 |      0 |    121 |   1 |  179.0 |
          Lair |  10213 |   8969 |   1244 |   1997 |   5399 |   6 | 1702.2 |
        Shoals |   5845 |   5676 |    169 |   1263 |   3598 |   4 | 1461.2 |
   Spider Nest |   7248 |   6881 |    367 |   1414 |   4238 |   4 | 1812.0 |
  Orcish Mines |   3693 |   3618 |     75 |    724 |   2132 |   2 | 1846.5 |
      Ice Cave |   2228 |   2228 |      0 |   1154 |    412 |   1 | 2228.0 |
       Volcano |     59 |     59 |      0 |      2 |      0 |   1 |   59.0 |
      Gauntlet |    440 |    440 |      0 |      0 |    289 |   1 |  440.0 |
               +--------+--------+--------+--------+--------+-----+--------+

Top non-repeatable levels by time:
  Lair:5: 3001 daAuts
    D:15: 2563 daAuts
    D:10: 2424 daAuts
    D:12: 2415 daAuts
Shoals:1: 2330 daAuts
   IceCv: 2228 daAuts
   Orc:2: 1973 daAuts
Spider:3: 1938 daAuts
     D:9: 1927 daAuts
Spider:2: 1911 daAuts
Spider:4: 1892 daAuts
  Lair:6: 1793 daAuts
Shoals:2: 1784 daAuts
Shoals:3: 1721 daAuts
   Orc:1: 1719 daAuts
